Unix NetHack Version 3.7.0-97 Work-in-progress - last build Feb 8 2024 15:05:57 (6d6cdf8371b60126770a3d7b88910941cb14a054,branch:master). Game began 2024-01-27 16:07:55, ended 2024-02-10 15:44:19. playerb, chaotic male orcish Wizard ---- ------- --- --- |..| -------- --- |..--.--- |..--.----..----------..--..----.----- --.......--- --- ---.............)......................--#--- |....@T....---..| ----.................----........---...........| --..............| --....................-- |............#---..---.#---- --............-- |......................| --.--.......#- --..--....|.`- --...........| --...............*.....---------....#- |......-..-.---------.......---- ----............^........| |....| --..................^f...---- --....................-- |....- |.....--.....-..........| |.....................| ###... --...........<..........-- -- --.................--#.| |...| |..--.|..........(......| |...).................-| .# |...| --------............|..-- |...+.|.|.>............| | ---- --.......|..---... ---.. -----..--.......-- |.....------ ---- -- |..||....---- |..---- -------..| ---- ---- Playerb the Thaumaturge St:12 Dx:14 Co:16 In:16 Wi:12 Ch:12 Chaotic S:8688 Dlvl:11 $:29 HP:0(58) Pw:8(44) AC:0 Xp:8/1719 T:8667 Satiated Latest messages: The rock troll picks up a thonged club. In what direction? l The spell hits the chickatrice! You kill the chickatrice! The large cat drops a runed dagger. The rock troll throws a dagger! A dagger misses you. The large cat misses the winter wolf. Pick an object. The large cat misses the rock troll. The large cat misses the rock troll. You see here a yellowish brown gem. The large cat picks up a runed dagger. The large cat misses the rock troll. The large cat misses the rock troll. The rock troll picks up a dagger. In what direction? h The spell misses the rock troll. The spell hits the winter wolf! The spell misses the winter wolf. The rock troll picks up a yellowish brown gem. The large cat misses the winter wolf. It bites the winter wolf. The winter wolf misses it. It bites the winter wolf. The winter wolf bites it. It bites the winter wolf. It bites the winter wolf. It bites the winter wolf. The winter wolf is killed! The large cat eats a winter wolf corpse. It bites the winter wolf. The winter wolf misses it. The large cat bites the winter wolf. The winter wolf misses the large cat. The large cat bites the winter wolf. The winter wolf is killed! The large cat eats a winter wolf corpse. The large cat looks quite warm. In what direction? j The spell misses the rock troll. The rock troll swings his club. The rock troll hits! The rock troll hits! The rock troll bites! The rock troll swings his club. The rock troll hits! The rock troll hits! You die... Do you want your possessions identified? [ynq] (y) q Inventory: Coins $ - 29 gold pieces Weapons p - a +0 crossbow bolt y - 2 +0 darts M - 10 +0 daggers (at the ready) a - a corroded +2 dagger (weapon in right hand) B - a corroded +0 dagger G - a cursed -3 dagger b - a blessed +1 quarterstaff (alternate weapon; not wielded) Armor E - an uncursed +0 elven leather helm (being worn) U - an uncursed +1 pair of leather gloves (being worn) H - an uncursed +0 pair of low boots (being worn) C - an uncursed +0 cloak of magic resistance (being worn) J - an uncursed +0 leather armor (being worn) Comestibles s - an uncursed apple D - an uncursed food ration N - an uncursed lizard corpse Potions F - a blessed potion of confusion Rings w - an uncursed +3 ring of protection (on left hand) O - an uncursed ring of slow digestion Wands P - a wand of death (0:4) x - a wand of light (0:13) Q - a blessed wand of opening (0:5) A - a wand of speed monster (0:6) Tools f - an uncursed bag of holding containing 14 items d - an uncursed blindfold z - an uncursed lock pick l - a cursed oil lamp h - an uncursed skeleton key k - a +0 unicorn horn Gems/Stones n - an uncursed luckstone Contents of the bag of holding: 1173 gold pieces a cursed -1 pair of gauntlets of fumbling an uncursed +0 pair of elven boots 7 uncursed food rations an uncursed scroll of enchant armor an uncursed scroll of scare monster 2 uncursed potions of healing a cursed ring of stealth an uncursed ring of searching an uncursed ring of see invisible an uncursed ring of levitation a blessed tallow candle 2 uncursed tallow candles an uncursed wax candle Playerb the Wizard's attributes: Background: You were a Thaumaturge, a level 8 male orcish Wizard. You were chaotic, on a mission for Anhur who was opposed by Ptah (lawful) and Thoth (neutral). You were right-handed. You were in the Gnomish Mines, on level 11. You entered the dungeon 8667 turns ago. There was a new moon in effect when your adventure ended. You had 1719 experience points, 841 more were needed to attain level 9. Your score was 8688 before end-of-game adjustments. Basics: You had 0 out of 58 hit points. You had 8 out of 44 energy points (spell power). Your armor class was 0. Your wallet contained 29 zorkmids, and you had 1173 more stashed away in your pack. Autopickup was off. Final Characteristics: Your strength was 12 (limit:18/50). Your dexterity was 14 (limit:18). Your constitution was 16 (limit:18). Your intelligence was 16 (limit:16). Your wisdom was 12 (limit:16). Your charisma was 12 (limit:16). Final Status: You were satiated. You were unencumbered. You were wielding a dagger. You had basic skill with dagger and could have enhanced that. Final Attributes: You were piously aligned. You were magic-protected. You were cold resistant. You were poison resistant. You were telepathic. You had infravision. You had a small defense bonus (+3). You were guarded. You were lucky. You had extra luck. Bad luck did not time out for you. Good luck did not time out for you. You are dead. Miscellaneous: You never encountered a bones level. Total elapsed playing time was 2 hours, 40 minutes and 9 seconds. Major events: Turn 1: playerb the chaotic male orcish Wizard entered the dungeon 1304: entered the Gnomish Mines 1970: attained the rank of Conjurer (level 3) 2843: entered Sokoban 3475: completed 1st Sokoban level 4936: attained the rank of Thaumaturge (level 6) 5039: reached Mine Town 8667: killed by a rock troll Vanquished creatures: 2 black puddings 2 winter wolves a small mimic a wood golem 2 watchmen 2 winter wolf cubs a leprechaun a gnome ruler 2 dwarf mummies a yeti a gold golem a lizard a chickatrice a dingo a dwarf leader a gray unicorn a plains centaur a snake 2 human zombies 6 Woodland-elves a bugbear 2 water nymphs a Mordor orc an Uruk-hai 2 rock piercers 2 rock moles 4 fog clouds 2 shriekers 16 gnome leaders 4 gnomish wizards a gray ooze 3 elf zombies 2 straw golems 2 paper golems 4 giant ants 3 floating eyes 18 dwarves 3 homunculi a kobold leader a hill orc 2 rabid rats a giant bat an orc zombie a dwarf zombie 5 iguanas 2 acid blobs 4 coyotes a gas spore 4 hobbits 3 manes a large kobold 5 giant rats a cave spider a brown mold a green mold 55 gnomes 3 garter snakes 2 gnome zombies 5 geckos 8 jackals a fox a kobold 5 goblins 3 sewer rats 4 grid bugs 4 lichens 2 kobold zombies 7 newts 237 creatures vanquished. No species were genocided or became extinct. Voluntary challenges: You read items or engraved 10 times. You engraved Elbereth 2 times. You never genocided any monsters. You never polymorphed an object. You never changed form. You used no wishes. You did not violate any of the special Sokoban rules. Achievements: You entered a shop. You entered the Gnomish Mines. You attained the rank of Conjurer. You entered Sokoban. You attained the rank of Thaumaturge. You entered Minetown. You entered a temple. The Dungeons of Doom: levels 1 to 8 Level 1: Level 2: Level 3: "store" A fountain. Level 4: Stairs down to The Gnomish Mines. Level 5: "store" Level 6: A fountain. Level 7: Many fountains. Oracle of Delphi. Level 8: Stairs up to Sokoban, level 7. The Gnomish Mines: levels 5 to 13 Level 5: Level 6: Level 7: "stash" A temple and an altar, many fountains. Level 8: Level 9: Level 10: Level 11: <- You were here. Final resting place for you, killed by a rock troll. Level 12: Level 13: Sokoban: levels 7 up to 6 Level 6: Unsolved. Level 7: "stash" Solved. Game over: ---------- / \ / REST \ / IN \ / PEACE \ / \ | playerb | | 1202 Au | | killed by a rock | | troll | | | | | | 2024 | *| * * * | * _________)/\\_//(\/(/\)/\//\/|_)_______ Goodbye playerb the Wizard... You died in The Gnomish Mines on dungeon level 11 with 8568 points, and 1202 pieces of gold, after 8667 moves. You were level 8 with a maximum of 58 hit points when you died.